 Dungeon Crawl Stone Soup version 0.31.0-11-ge490571c62 (webtiles) character file.

Game seed: 2135404537357634167

26 qw the Shooter (level 2, -1/14 HPs)
             Began as a Spriggan Hunter on Feb 4, 2024.
             Succumbed to their own poison gas
             ... on level 1 of the Dungeon.
             The game lasted 00:00:03 (747 turns).

qw the Shooter (Spriggan Hunter)                     Turns: 747, Time: 00:00:03

Health: -1/14      AC:  2    Str:  5 (7)  XL:     2   Next: 89%
Magic:  3/3        EV: 18    Int:  9 (10) God:
Gold:   10         SH:  0    Dex: 17 (18) Spells: 1/1 levels left

rFire   . . .        a - +0 shortbow
rCold   . . .        (shield currently unavailable)
rNeg    . . .        c - +0 robe
rPois   .            (helmet restricted)
rElec   .            (no cloak)
rCorr   .            (gloves unavailable)
SInv    +            (boots unavailable)
Will    .....        (no amulet)
Stlth   ++           (no ring)
HPRegen 0.22/turn    (no ring)
MPRegen 0.08/turn

%: no passive effects
@: lethally poisoned (-1 -> -12), very quick
A: very small, no large weapons, unfitting armour, see invisible, speed 3
a: no special abilities


You were on level 1 of the Dungeon.
You visited 1 branch of the dungeon, and saw 1 of its levels.

You collected 10 gold pieces.


Innate Abilities, Weirdness & Mutations

You are very small and have problems with some larger weapons.
You are too small for most types of armour.
You have supernaturally acute eyesight. (SInv)
You cover ground extremely quickly. (Speed+++)


   Skills:
 - Level 1.5 Fighting
 + Level 4.4 Ranged Weapons
 - Level 4.0 Dodging
 - Level 1.5 Stealth


You had one spell level left.
You didn't know any spells.
Your spell library was empty.

Inventory:

Hand Weapons
 a - a +0 shortbow (weapon)
Armour
 c - a +0 robe (worn)
Potions
 j - a potion of cancellation
 k - a potion of brilliance {unknown}

Dungeon Overview and Level Annotations

Branches:
Dungeon (1/15)

Altars:

Shops:
D:1 !


Message History

739 ||| READING scroll labelled UXEUVO PAEGI.
As you read the scroll labelled UXEUVO PAEGI, it crumbles to dust.
The creatures around you are filled with an inner flame!
It was a scroll of immolation.
Done exploring.
740 ||| DRINKING 2 black potions.
It was a potion of degeneration.
There was something very wrong with that liquid.
You feel weakened.
You feel dopey.
You feel clumsy.
Done exploring.
741 ||| DROPPING scroll of butterflies.
You drop a scroll of butterflies.
Done exploring.
742 ||| DROPPING potion of degeneration.
You drop a potion of degeneration.
Done exploring.
743 ||| DROPPING 2 scrolls of poison.
You drop 2 scrolls of poison.
Your kobold dissolves into shadows!
Done exploring.
What level of the Dungeon? (default 1, ? - help) Sorry, I don't know how to get there.
Enter note:
Enter note:
Enter note:
Enter note:
Enter note:
Enter note:
Enter note:
Enter note:
Enter note: You are engulfed in poison gas.
You are lethally poisoned!
You feel very sick.
You see here a +0 club.
745 ||| Stepping ~*~*~tactically~*~*~ (cloud).
You feel sick.
Things that are here:
2 scrolls of poison; a potion of degeneration; a scroll of butterflies
There is a lethal amount of poison in your body!
You feel very sick.
There is a lethal amount of poison in your body!
You die...

###.......# #
##¤¤0......# #
###¤0¤¤..[..¤## #
###0¤¤0¤¤8...000# #
#.¤¤00¤¤0##.0¤¤¤#
########.##0¤0¤0##000¤¤#
.........0#¤¤0¤¤080¤¤¤0#
########.0¤¤¤¤0¤0¤¤¤¤¤##
# ##¤00¤¤¤0@¤0¤00# #
###¤000.¤r00¤## #
##¤0¤0¤##### #####
###000## ....# #.¤¤0##
###.#######0####
#......##0# ######.##.#
#.##.#


You could see a friendly rat (summoned, inner flame).

Vanquished Creatures
  A gnoll (D:1)
  An endoplasm (D:1)
  2 giant cockroaches (D:1)
  2 goblins (D:1)
  3 hobgoblins (D:1)
  2 jackals (D:1)
  2 bats (D:1)
  A frilled lizard (D:1)
  A rat (D:1)
15 creatures vanquished.

Notes
Turn   | Place    | Note
-------+----------+-------------------------------------------
     0 | D:1      | qw the Spriggan Hunter began the quest for the Orb.
     0 | D:1      | Reached XP level 1. HP: 10/10 MP: 2/2
     0 | D:1      | 0 ||| qw: Version: 0.3-a-160-g6735b56
     0 | D:1      | 0 ||| qw: Game counter: 6022
     0 | D:1      | 0 ||| qw: Melee chars always use a shield: true
     0 | D:1      | 0 ||| qw: God list: Okawaru
     0 | D:1      | 0 ||| qw: Allow faded altars: false
     0 | D:1      | 0 ||| qw: Do Orc after clearing Dungeon:15 true
     0 | D:1      | 0 ||| qw: Do second Lair branch before Depths: true
     0 | D:1      | 0 ||| qw: Lair rune preference: random
     0 | D:1      | 0 ||| qw: Goals: Normal
     0 | D:1      | 0 ||| PLANNING D:1-11
     8 | D:1      | Reached skill level 3 in Dodging
   122 | D:1      | Reached XP level 2. HP: 6/14 MP: 3/3
   225 | D:1      | Found Silaps's Distillery.
   234 | D:1      | 234 ||| SHOPLISTING potion of enlightenment (70 gold, have
                  | 10).
   234 | D:1      | 234 ||| SHOPLISTING potion of heal wounds (70 gold, have
                  | 10).
   234 | D:1      | 234 ||| SHOPLISTING potion of might (56 gold, have 10).
   707 | D:1      | 707 ||| READING scroll labelled CENIAT MAOVIFEG.
   708 | D:1      | 708 ||| READING scroll labelled ZUAM INLASI.
   708 | D:1      | 708 ||| IDENTIFYING bubbling amethyst potion
   709 | D:1      | 709 ||| READING scroll labelled SIMUH PI YKKIU.
   710 | D:1      | 710 ||| READING scroll labelled NILAHE FUFIJ.
   738 | D:1      | 738 ||| READING 3 scrolls labelled NEX JUN CAGH.
   739 | D:1      | 739 ||| READING scroll labelled UXEUVO PAEGI.
   740 | D:1      | 740 ||| DRINKING 2 black potions.
   741 | D:1      | 741 ||| DROPPING scroll of butterflies.
   742 | D:1      | 742 ||| DROPPING potion of degeneration.
   743 | D:1      | 743 ||| DROPPING 2 scrolls of poison.
   745 | D:1      | 745 ||| Stepping ~*~*~tactically~*~*~ (cloud).
   746 | D:1      | HP: 1/14 [poisoned by you (poison gas)]
   747 | D:1      | Succumbed to their own poison gas

Levels and vault maps discovered:
D:1:      eino_arrival_cavern_d, layout_loops_ring, serial_shops,
          nicolae_shop_industrial_runoff

Skill      XL: |  1 |
---------------+----+-----
Dodging        | 4 |  4.0
Fighting       | |  1.5
Ranged Weapons | |  4.4
Stealth        | |  1.5

Action                     || total
---------------------------++-------
   Fire: Shortbow          ||    27
    Use: Scroll            ||     6
         Potion            ||     1
 Armour: Robe              ||     1
  Dodge: Dodged            ||     7

Table legend:
 A = Non-vault XP
 B = Vault XP
 C = Vault XP percentage of total XP
 D = Non-vault monster count
 E = Vault monster count
 F = Vault count percentage of total count
                 A         B        C        D         E       F
            +---------+---------+-------+---------+---------+-------
      Total |      38 |       0 |   0.0 |      15 |       0 |   0.0
            +---------+---------+-------+---------+---------+-------
        D:1 |      38 |       0 |   0.0 |      15 |       0 |   0.0
            +---------+---------+-------+---------+---------+-------
